 Dungeon Crawl Stone Soup version 0.31-a0-188-g5e087ee2ca (webtiles) character file.

Game seed: 5727576000898295380

211 qw the Skirmisher (level 5, -2/29 HPs)
             Began as a Deep Elf Hunter on June 23, 2023.
             Was an Initiate of Okawaru.
             Slain by a gnoll
             ... wielding a +0 whip
             ... led by a gnoll sergeant
              (4 damage)
             ... on level 4 of the Dungeon.
             The game lasted 00:00:51 (2733 turns).

qw the Skirmisher (Deep Elf Hunter)                 Turns: 2733, Time: 00:00:52

Health: -2/29      AC:  5    Str: 10    XL:     5   Next: 57%
Magic:  7/7        EV: 11    Int: 14    God:    Okawaru [......]
Gold:   171        SH:  0    Dex: 18    Spells: 4/4 levels left

rFire   . . .        Y - +0 shortbow
rCold   + . .        (shield currently unavailable)
rNeg    + . .        h - +0 ring mail
rPois   .            (no helmet)
rElec   .            (no cloak)
rCorr   .            (no gloves)
SInv    .            b - +2 pair of boots
Will    .....        (no amulet)
Stlth   +            g - ring of positive energy
HPRegen 0.24/turn    (no ring)
MPRegen 0.10/turn

%: no passive effects
@: about to teleport
A: cold resistance 1, deformed body, screaming 1
a: Renounce Religion


You were on level 4 of the Dungeon.
You worshipped Okawaru.
Okawaru was noncommittal.
You visited 1 branch of the dungeon, and saw 4 of its levels.

You collected 171 gold pieces.


Innate Abilities, Weirdness & Mutations

Your flesh is cold resistant. (rC+)
Armour fits poorly on your strangely shaped body.
You occasionally shout uncontrollably at your foes.


   Skills:
 + Level 1.5 Fighting
 - Level 9.1 Ranged Weapons
 - Level 2.4 Dodging
 - Level 1.2 Stealth


You had 4 spell levels left.
You didn't know any spells.
Your spell library was empty.

Inventory:

Hand Weapons
 Y - a +0 shortbow (weapon)
Armour
 b - a +2 pair of boots (worn)
 h - a +0 ring mail (worn)
Jewellery
 g - a ring of positive energy (left hand)
Scrolls
 d - a scroll of identify
Potions
 f - a potion of magic {unknown}
 i - a potion of berserk rage {unknown}
 j - a potion of heal wounds
 k - a potion of attraction {unknown}
 l - a potion of haste {unknown}
 m - a potion of curing {unknown}

Dungeon Overview and Level Annotations

Branches:
Dungeon (4/15)
 Temple: D:4-7

Altars:
Okawaru


Message History

A gnoll comes into view. It is wielding a +0 whip.
The gnoll closely misses you.
A gnoll sergeant comes into view. It is wielding a +0 trident.
You shoot an arrow. The gnoll sergeant shouts!
The arrow hits the gnoll.
The gnoll is lightly wounded.
A quokka comes into view.
The gnoll hits you but does no damage.
You shoot an arrow.
The arrow hits the gnoll but does no damage.
The gnoll is lightly wounded.
The gnoll closely misses you.
You shoot an arrow. The arrow hits the gnoll.
The gnoll is moderately wounded.
The gnoll hits you with a +0 whip.
You shoot an arrow. The arrow hits the gnoll.
The gnoll is moderately wounded.
The gnoll completely misses you.
A gnoll comes into view. It is wielding a +0 flail.
You shoot an arrow. The arrow barely misses the gnoll.
The gnoll shouts!
The arrow hits the giant cockroach.
The giant cockroach is moderately wounded.
The gnoll barely misses you.
A gnoll comes into view. It is wielding a +0 whip.
You shoot an arrow. The arrow barely misses the gnoll.
The gnoll shouts!
The arrow hits the giant cockroach.
The giant cockroach is severely wounded.
The gnoll closely misses you. The gnoll sergeant misses you.
You shoot an arrow. The arrow hits the gnoll!
The gnoll is almost dead.
The gnoll hits you with a +0 whip.
The gnoll sergeant hits you from afar with a +0 trident.
2733 ||| READING scroll of teleportation.
As you read the scroll of teleportation, it crumbles to dust.
You feel strangely unstable. The gnoll hits you with a +0 whip.
You die... ..........(.. ........... ..g...... .g......>. ..... .. . gBg

.. .. #g# .#...
.... #######@#!...#
#..#
#.......#..#<#. ..#
#.#####........ ..#
#.# ##...#+#... .
#.# #.###...## .
#.# #.##...###
..####.###.##...+
#.#.........'...#
#......###.##....##


You could see a gnoll sergeant, 4 gnolls and a giant cockroach.

Vanquished Creatures
  2 hounds (D:4)
  2 iguanas
  3 gnolls
  2 worms (D:3)
  2 dart slugs
  6 endoplasms
  2 giant cockroaches
  8 goblins
  4 hobgoblins
  6 jackals (D:1)
  4 quokkas
  4 ball pythons
  3 bats
  4 frilled lizards
  4 kobolds
  2 rats
58 creatures vanquished.

Notes
Turn   | Place    | Note
-------+----------+-------------------------------------------
     0 | D:1      | qw the Deep Elf Hunter began the quest for the Orb.
     0 | D:1      | Reached XP level 1. HP: 12/12 MP: 3/3
     0 | D:1      | 0 ||| qw: Version: 0.3-a-9-g12657ce
     0 | D:1      | 0 ||| qw: Game counter: 3133
     0 | D:1      | 0 ||| qw: Always use a shield: true
     0 | D:1      | 0 ||| qw: God list: Okawaru
     0 | D:1      | 0 ||| qw: Allow faded altars: false
     0 | D:1      | 0 ||| qw: Do Orc after D:15 true
     0 | D:1      | 0 ||| qw: Do second Lair branch before Depths: true
     0 | D:1      | 0 ||| qw: Lair rune preference: random
     0 | D:1      | 0 ||| qw: Plans: Normal
     0 | D:1      | 0 ||| PLANNING D:1-11
   223 | D:1      | Reached skill level 6 in Ranged Weapons
   223 | D:1      | Reached XP level 2. HP: 16/16 MP: 4/4
   414 | D:1      | HP: 4/16 [jackal (2)]
   591 | D:1      | Reached XP level 3. HP: 20/20 MP: 5/5
   959 | D:1      | 959 ||| READING scroll labelled QASHRE HAEPPUA.
   960 | D:1      | 960 ||| DROPPING scroll of butterflies.
   980 | D:2      | 980 ||| STAIRDANCE
   984 | D:1      | Reached skill level 7 in Ranged Weapons
  1033 | D:2      | Reached XP level 4. HP: 25/25 MP: 6/6
  1754 | D:2      | 1754 ||| UPGRADING to +2 pair of boots.
  1759 | D:2      | 1759 ||| UPGRADING to +0 ring mail.
  1769 | D:2      | 1769 ||| DROPPING +0 leather armour.
  1770 | D:2      | 1770 ||| UPGRADING to ring of positive energy.
  1771 | D:2      | 1771 ||| READING scroll labelled FIOHAD ZUALY.
  1775 | D:2      | 1775 ||| READING scroll labelled GUEXAAGITE.
  1776 | D:2      | 1776 ||| DRINKING 2 metallic ruby potions.
  1776 | D:2      | Gained mutation: You do not regenerate when monsters are
                  | visible. [potion of mutation]
  1777 | D:2      | 1777 ||| DRINKING potion of mutation.
  1777 | D:2      | Lost mutation: You do not regenerate when monsters are
                  | visible. [potion of mutation]
  1777 | D:2      | Gained mutation: Armour fits poorly on your strangely
                  | shaped body. [potion of mutation]
  1777 | D:2      | Gained mutation: You occasionally shout uncontrollably at
                  | your foes. [potion of mutation]
  1777 | D:2      | Gained mutation: Your flesh is cold resistant. (rC+)
                  | [potion of mutation]
  1778 | D:2      | 1778 ||| DRINKING 2 bubbling purple potions.
  1850 | D:3      | Reached skill level 8 in Ranged Weapons
  1850 | D:3      | HP: 6/25 [frozen (2)]
  1851 | D:3      | 1851 ||| DRINKING potion of heal wounds.
  2020 | D:3      | Reached XP level 5. HP: 29/29 MP: 7/7
  2150 | D:3      | Found an iron altar of Okawaru.
  2151 | D:3      | 2151 ||| PLANNING OKAWARU WORSHIP
  2151 | D:3      | 2151 ||| READING scroll labelled BAOV FAM LANG.
  2152 | D:3      | 2152 ||| READING scroll labelled OGYGUJ NE FAYS.
  2158 | D:3      | Became a worshipper of Warmaster Okawaru
  2159 | D:3      | 2159 ||| PLANNING D:1-11
  2641 | D:3      | 2641 ||| READING scroll labelled CUAPRO HAIS.
  2642 | D:3      | 2642 ||| READING 2 scrolls of identify.
  2642 | D:3      | 2642 ||| IDENTIFYING black potion
  2643 | D:3      | 2643 ||| DROPPING potion of brilliance.
  2725 | D:4      | Reached skill level 9 in Ranged Weapons
  2732 | D:4      | HP: 2/29 [gnoll sergeant/+0 trident (6)]
  2733 | D:4      | 2733 ||| READING scroll of teleportation.
  2733 | D:4      | Slain by a gnoll

Levels and vault maps discovered:
D:1:      giann_bridges, layout_loops_corners
D:2:      layout_basic, minmay_heptomino_h4
D:3:      minmay_general_purpose_star, layout_basic, okawaru_gym_becter,
          nicolae_concentric_dashed_squares_wild, bh_walls_and_bars
D:4:      layout_basic, temple_pool_b, serial_shops,
          nicolae_shop_real_fake_doors

Skill      XL: |  1  2  3  4  5 |
---------------+----------------+-----
Ranged Weapons | 6 7 8 9 |  9.1
Fighting       | |  1.5
Dodging        | |  2.4
Stealth        | |  1.2

Action                     |  1- 3 |  4- 6 || total
---------------------------+-------+-------++-------
   Fire: Shortbow          |    90 |   100 ||   190
    Use: Scroll            |     1 |     7 ||     8
         Potion            |       |     4 ||     4
 Armour: Leather armour    |    18 |     2 ||    20
         Ring mail         |       |    10 ||    10
  Dodge: Dodged            |    39 |    23 ||    62

Table legend:
 A = Non-vault XP
 B = Vault XP
 C = Vault XP percentage of total XP
 D = Non-vault monster count
 E = Vault monster count
 F = Vault count percentage of total count
                 A         B        C        D         E       F
            +---------+---------+-------+---------+---------+-------
      Total |     251 |      51 |  16.9 |      47 |      11 |  19.0
            +---------+---------+-------+---------+---------+-------
        D:1 |      67 |       0 |   0.0 |      30 |       0 |   0.0
        D:2 |      71 |       4 |   5.3 |       6 |       4 |  40.0
        D:3 |      23 |      47 |  67.1 |       8 |       7 |  46.7
        D:4 |      90 |       0 |   0.0 |       3 |       0 |   0.0
            +---------+---------+-------+---------+---------+-------
